 Dungeon Crawl Stone Soup version 0.26-a0-651-gb41185065b (webtiles) character file.

Game seed: 17603020947195677967

24 Inarius the Chopper (level 2, -21/26 HPs)
             Began as a Draconian Chaos Knight on Oct 30, 2020.
             Was a Plaything of Xom.
             Killed from afar by a rime drake (shapeshifter) (24 damage)
             ... with a flash freeze
             ... on level 1 of the Dungeon.
             The game lasted 00:00:45 (549 turns).

Inarius the Chopper (Draconian Chaos Knight)         Turns: 549, Time: 00:00:46

Health: -21/26     AC:  4    Str: 14    XL:     2   Next: 79%
Magic:  2/2        EV: 12    Int: 12    God:    Xom [..*...]
Gold:   21         SH:  0    Dex: 10    Spells: 1/1 levels left

rFire    . . .     SeeInvis .   a - +0 hand axe (chaos)
rCold    . . .     Faith    .   (no shield)
rNeg     . . .     Spirit   .   (armour unavailable)
rPois    .         Reflect  .   (helmet restricted)
rElec    .         Harm     .   (no cloak)
rCorr    .         Rampage  .   (no gloves)
MR       .....                  (no boots)
Stlth    +.........             (no amulet)
HPRegen  0.08/turn              (no ring)
MPRegen  0.08/turn              (no ring)

@: brilliant, about to teleport
A: unfitting armour, cold-blooded, AC +4
a: Renounce Religion


You were on level 1 of the Dungeon.
You worshipped Xom.
You were a toy of Xom.
You visited 1 branch of the dungeon, and saw 1 of its levels.

You collected 21 gold pieces.

Inventory:

Hand Weapons
 a - a +0 hand axe of chaos (weapon)
Scrolls
 c - 2 scrolls of remove curse
 f - 2 scrolls of identify {unknown}
Potions
 e - a potion of ambrosia {unknown}
 g - a potion of cancellation {unknown}
 h - a potion of curing {unknown}


   Skills:
 + Level 3.6 Fighting
 * Level 3.7 Axes
 + Level 2.2 Dodging
 + Level 0.2 Stealth


You had one spell level left.
You didn't know any spells.
Your spell library was empty.

Dungeon Overview and Level Annotations

Branches:
Dungeon (1/15)

Altars:


Innate Abilities, Weirdness & Mutations

Your plain brown scales are hard. (AC +4)
You cannot fit into any form of body armour.
You are cold-blooded and may be slowed by cold attacks.


Message History

Things that are here:
a +0 dagger; a kobold corpse
As you read the scroll labeled QIPNUZAKUPN, it crumbles to dust.
You feel blessed for a moment.
It was a scroll of remove curse.
The rime drake bites you.
* * * LOW HITPOINT WARNING * * *
The rime drake barely misses you.
Unknown command.
The ice encasing you melts away.
As you read the scroll labeled XIS OBONTUOL, it crumbles to dust.
You assume a fearsome visage.
The frilled lizard looks frightened!
It was a scroll of fear.
As you read the scroll labeled QATHAS SESOLA, it crumbles to dust.
You feel strangely unstable.
It was a scroll of teleportation.
The rime drake barely misses you. The rime drake breathes ice at you.
The flash freeze hits you!!
Ouch! That really hurt!
You die...
Xom thinks this is hilarious!

#...#########.# #
#.............# .#
#..#########..# #.#
#####..# #..###l.##
.......# #...#.... .#####.#
#..#.#.# ###
.#####.#########..)#)#....#
.......##.....[.†k#!.$#
.########.##...#@#.#)#.#
.#### #.#..#.#..#.#.# ....#
#...##.#...#.#.. ..#.#
##..###......###..
....####..## ###..#..) .##
.##..[#...# ##.###.. #
.........÷######... #..
.######............. .. .#
#...######...


You could see a rime drake shaped shifter (catching breath) and a frilled lizard
(fleeing).

Vanquished Creatures
  A dart slug (D:1)
  4 bats (D:1)
  A giant cockroach (D:1)
  2 goblins (D:1)
  3 hobgoblins (D:1)
  3 kobolds (D:1)
  A frilled lizard (D:1)
  7 rats (D:1)
22 creatures vanquished.

Notes
Turn   | Place    | Note
-------+----------+-------------------------------------------
     0 | D:1      | Inarius the Draconian Chaos Knight began the quest for the
                  | Orb.
     0 | D:1      | Reached XP level 1. HP: 19/19 MP: 1/1
   122 | D:1      | Reached XP level 2. HP: 26/26 MP: 2/2
   540 | D:1      | Noticed a shapeshifter
   540 | D:1      | a kobold changed into a shapeshifter
   540 | D:1      | Noticed a queen bee
   540 | D:1      | a shapeshifter changed into a queen bee
   542 | D:1      | XOM: potion effect (brilliance)
   542 | D:1      | Noticed a rime drake
   542 | D:1      | a queen bee changed into a rime drake
   549 | D:1      | Killed from afar by a rime drake (shapeshifter)

Illustrated notes

Levels and vault maps discovered:
D:1:      nicolae_arrival_memento_mori, layout_loops_ring, minmay_tiny_reverse_x

Action                   || total
-------------------------++-------
Melee: Hand axe          ||    56
       Tailslap          ||     5
  Use: Scroll            ||     3
 Stab: Sleeping          ||     2
Armor: Skin              ||    15
Dodge: Dodged            ||    42

Table legend: (Time is in decaauts)
 A = Elapsed time spent in this place.
 B = Non-inter-level travel time spent in this place.
 C = Inter-level travel time spent in this place.
 D = Time resting spent in this place.
 E = Time spent auto-exploring this place.
 F = Levels seen in this place.
 G = Mean time per level.
                   A        B        C        D        E       F      G
               +--------+--------+--------+--------+--------+-----+--------+
         Total |    556 |    556 |      0 |      0 |    422 |   1 |  556.0 |
       Dungeon |    556 |    556 |      0 |      0 |    422 |   1 |  556.0 |
               +--------+--------+--------+--------+--------+-----+--------+

Top non-repeatable levels by time:
     D:1: 556 daAuts
